 Dungeon Crawl Stone Soup version 0.18.1-48-g4cf74bf (webtiles) character file.

229 dvd the Shield-Bearer (level 5, -5/49 HPs)
             Began as a Deep Dwarf Fighter on Sept 7, 2016.
             Slain by dvd's ghost (9 damage)
             ... on level 4 of the Dungeon.
             The game lasted 00:06:20 (2470 turns).

dvd the Shield-Bearer (Deep Dwarf Fighter)          Turns: 2470, Time: 00:06:21

Health: -5/49      AC: 10    Str: 25      XL:     5   Next: 71%
Magic:  5/5        EV:  6    Int:  8 (9)  God:
Gold:   135        SH: 10    Dex: 11 (12) Spells: 0 memorised, 4 levels left

rFire  . . .     SeeInvis .     a - +0 war axe
rCold  . . .     Gourm    .     m - +0 chain mail
rNeg   . . .     Faith    .     c - +0 shield
rPois  .         Spirit   .     (no helmet)
rElec  .         Dismiss  .     (no cloak)
rCorr  .         Reflect  .     (no gloves)
SustAt .         Harm     .     p - +0 pair of boots
MR     .....                    (no amulet)
Stlth  ..........               (no ring)
                                (no ring)

@: mighty, non-regenerating, not resistant to hostile enchantments, extremely
unstealthy
A: damage resistance, recharge devices, sense surroundings 1, slow regeneration
3
a: Device Recharging


You were on level 4 of the Dungeon.
You were not hungry.

You visited 1 branch of the dungeon, and saw 4 of its levels.

You collected 135 gold pieces.

Inventory:

Hand Weapons
 a - a +0 war axe (weapon)
 b - a +0 flail
Armour
 c - a +0 shield (worn)
 i - a +0 scale mail
 m - a +0 chain mail (worn)
 p - a +0 pair of boots (worn)
Wands
 e - a wand of heal wounds (0/9)
Scrolls
 g - a scroll of noise {unknown}
 j - a scroll of amnesia {unknown}
 l - 5 scrolls of teleportation {unknown}
 n - 2 scrolls of recharging {unknown}
 o - a scroll of remove curse {unknown}
Potions
 d - a potion of might
Comestibles
 f - a bread ration
 k - a slice of pizza
 q - a meat ration


   Skills:
 + Level 3.6 Fighting
 + Level 3.2 Axes
 + Level 4.2 Armour
 + Level 1.2 Dodging
 + Level 0.3 Stealth
 + Level 4.9 Shields
 + Level 0.3 Evocations


You had 4 spell levels left.
You didn't know any spells.

Dungeon Overview and Level Annotations

Branches:
Dungeon (4/15)
 Temple: D:4-7

Altars:
Qazlal
Trog

Annotations:
D:4 dvd's ghost, novice DDFi


Innate Abilities, Weirdness & Mutations

You are resistant to damage.
You can recharge devices by infusing magical energy.
You passively map a small area around you.
You do not regenerate naturally.


Message History

You block dvd's ghost's attack. x2
You closely miss dvd's ghost.
Dvd's ghost is severely damaged.
Dvd's ghost hits you but does no damage.
You closely miss dvd's ghost.
Dvd's ghost is severely damaged.
Dvd's ghost hits you!
You slash dvd's ghost!
Dvd's ghost is almost destroyed.
Dvd's ghost hits you.
* * * LOW HITPOINT WARNING * * *
Dvd's ghost barely misses you.
You closely miss dvd's ghost.
Dvd's ghost is almost destroyed.
Dvd's ghost hits you!
* * * LOW HITPOINT WARNING * * *
You closely miss dvd's ghost.
Dvd's ghost is almost destroyed.
Dvd's ghost hits you!
You die...

, , * * # ... .. *
#.#..#*..# ,# .#..##..##.#
, , ,........).. * ,,,,
........, ,, , * ***
#..#..###. ,, #)........
..... , , #W@# .### ......,
* #.)#..... ..... #.....# ,
* ..... ,, #.#...###
..#+###########.#.>.... ,
.......................,,,,
, ....<...............###
............#..........
.............##.###.### **


You could see dvd's ghost.

Vanquished Creatures
  A hound (D:3)
  2 orc priests
  A worker ant (D:4)
  3 adders
  2 worms (D:2)
  A dart slug (D:1)
  12 orcs
  3 ball pythons (D:2)
  5 giant cockroaches
  9 goblins
  7 hobgoblins
  3 jackals (D:2)
  A quokka (D:3)
  A ball python skeleton (D:4)
  3 bats
  6 giant newts
  4 kobolds
  11 rats
75 creatures vanquished.

Notes
Turn   | Place    | Note
--------------------------------------------------------------
     0 | D:1      | dvd the Deep Dwarf Fighter began the quest for the Orb.
     0 | D:1      | Reached XP level 1. HP: 20/20 MP: 1/1
   207 | D:1      | Reached XP level 2. HP: 22/27 MP: 2/2
  1063 | D:2      | Reached XP level 3. HP: 21/34 MP: 3/3
  1712 | D:3      | Reached XP level 4. HP: 36/42 MP: 4/4
  1935 | D:3      | Reached XP level 5. HP: 18/49 MP: 5/5
  2266 | D:3      | Found a stormy altar of Qazlal.
  2272 | D:3      | Found a bloodstained altar of Trog.
  2445 | D:4      | Noticed dvd's ghost (novice DDFi)
  2457 | D:4      | Reached skill level 1 in Dodging
  2470 | D:4      | Slain by dvd's ghost

Skill      XL: |  1  2  3  4  5 |
---------------+----------------+-----
Fighting       | 3 |  3.6
Shields        | 4 |  4.9
Armour         | 4 |  4.2
Axes           | 3 |  3.2
Dodging        | 1 |  1.2
Stealth        | |  0.3
Evocations     | |  0.3

Action                   |  1- 3 |  4- 6 || total
-------------------------+-------+-------++-------
Melee: War axe           |   170 |   127 ||   297
Evoke: Wand              |     1 |     4 ||     5
  Use: Potion            |       |     2 ||     2
  Eat: Chunk             |     3 |     3 ||     6
Armor: Scale mail        |    35 |       ||    35
       Chain mail        |    78 |    67 ||   145
Dodge: Dodged            |    45 |    37 ||    82
Block: Shield            |    97 |    70 ||   167
